 Dungeon Sprint DCSS version 0.29-a0-468-ge57f7f99b4 (webtiles) character file.

Game seed: 13471152851577645259

11636 mhtbhm the Warrior (level 12, -3/113 HPs)
             Began as a Human Berserker on May 21, 2022.
             Was the Champion of Trog.
             Slain by an anaconda (10 damage)
             ... in the Dungeon (Sprint III: "The Ten Rune Challenge").
             The game lasted 00:05:35 (2617 turns).

mhtbhm the Warrior (Human Berserker)                Turns: 2617, Time: 00:05:36

Health: -3/113     AC: 11    Str: 27    XL:     12   Next: 10%
Magic:  12/12      EV: 12    Int:  8    God:    Trog [******]
Gold:   1691       SH:  0    Dex: 15    Spells: 11/11 levels left

rFire   . . .      SeeInvis .   a - +8 trident of Conservatism {vorpal, rElec Str+5}
rCold   . . .      Faith    .   (no shield)
rNeg    . . .      Spirit   .   b - +0 scale mail
rPois   .          Reflect  .   (helmet restricted)
rElec   +          Harm     .   (no cloak)
rCorr   .          Rampage  .   (no gloves)
Will    .....      NoTele   +   (no boots)
Stlth   +++++.....              (no amulet)
HPRegen 0.28/turn               (no ring)
MPRegen 0.13/turn               (no ring)

@: on berserk cooldown, slowed, constricted, very slow
A: antennae 1, iridescent scales 1, thin skeletal structure 1, shaggy fur 1
a: Renounce Religion, Berserk, Trog's Hand, Brothers in Arms


You were in the Dungeon.
You worshipped Trog.
Trog was exalted by your worship.
You visited 1 branch You collected 1691 gold pieces.

Inventory:

Hand Weapons
 a - the +8 trident of Conservatism (weapon) {vorpal, rElec Str+5}
   (Trog gifted it to you in the Dungeon)

   It inflicts extra damage upon your enemies.
   Str:       It affects your strength (+5).
   rElec:     It insulates you from electricity.
 d - a +5 halberd of flaming
Missiles
 c - 6 javelins
 i - 8 poisoned darts (quivered)
Armour
 b - a +0 scale mail (worn)
Scrolls
 h - a scroll of blinking
 k - a scroll of poison {unknown}
 l - 3 scrolls of identify
 n - a scroll of torment {unknown}
Potions
 e - 2 potions of haste
 f - 2 potions of magic
 g - 2 potions of berserk rage
 j - a potion of mutation
 m - a potion of attraction {unknown}
 o - 2 potions of flight
 p - a potion of might
 r - a potion of cancellation {unknown}
Miscellaneous
 q - a lightning rod (4/4)


   Skills:
 + Level 16.9 Fighting
 + Level 16.3 Polearms
 + Level 2.1 Throwing
 + Level 9.5 Armour
 + Level 9.1 Dodging
 + Level 12.8 Stealth
 + Level 3.8 Evocations


You had 11 spell levels left.
You didn't know any spells.
Your spell library was empty.

Dungeon Overview and Level Annotations

Branches:
Dungeon (1/1)

Altars:
Cheibriados
Dithmenos
Elyvilon
Fedhas
Gozag
Hepliaklqana
Kikubaaqudgha
Makhleb
Nemelex Xobeh
Okawaru
Qazlal
Ru
Sif Muna
Trog
Uskayaw
Vehumet
Wu Jian
Xom
Yredelemnul
Zin
The Shining One
Beogh
Jiyva
Lugonu

Shops:
D (


Innate Abilities, Weirdness & Mutations

You have a pair of small antennae on your head.
You are partially covered in iridescent scales. (AC +2)
You have a somewhat thin skeletal structure. (Dex +2, Stealth+)
You are covered in fur. (AC +1)


Message History

The anaconda is lightly wounded.
The anaconda bites you but does no damage.
The anaconda constricts you.
* * * LOW HITPOINT WARNING * * *
The anaconda bites you!
* * * LOW HITPOINT WARNING * * *
You escape the anaconda's grasp.
The anaconda attacks as you move away! The anaconda completely misses you.
The anaconda bites you.
* * * LOW HITPOINT WARNING * * *
You closely miss the anaconda. The anaconda grabs you.
The anaconda closely misses you. The anaconda constricts you.
You barely miss the anaconda. Your punch misses the anaconda.
You hit the anaconda.
The anaconda is lightly wounded.
The anaconda bites you.
* * * LOW HITPOINT WARNING * * *
The anaconda constricts you.
* * * LOW HITPOINT WARNING * * *
You puncture the anaconda!
The anaconda is moderately wounded.
The anaconda bites you!
* * * LOW HITPOINT WARNING * * *
The anaconda constricts you.
* * * LOW HITPOINT WARNING * * *
You hit the anaconda.
The anaconda is moderately wounded.
The anaconda bites you but does no damage.
The anaconda constricts you.
* * * LOW HITPOINT WARNING * * *
Unknown command.
You escape the anaconda's grasp.
You feel a strong urge to attack something.
You enter the shallow water.
Moving in this stuff is going to be slow.
You are no longer berserk.
You are exhausted.
You feel yourself slow down. The anaconda attacks as you move away!
The anaconda barely misses you. The anaconda grabs you. The anaconda bites you!
You die...

▓▓▓▓▓▓▓▓▓▓▓▓▓▓▓▓▓▓▓▓▓▓▓▓▓▓▓#.#.#.
♣♣≈≈≈.....)..≈≈≈...##.#.#
+♣♣'♣≈≈≈≈≈≈≈≈≈≈≈≈♣♣P.'.#.#.
#.≈♣♣♣♣♣♣♣♣♣♣♣♣♣♣♣♣PP##.#.# #..♣♣
♣♣♣# +### ###'♣♣♣♣♣♣♣♣♣♣♣♣♣♣♣
♣♣♣♣.##..##≈≈≈≈≈≈..#
♣.†.##.##.#≈≈≈≈≈...#
♣♣.##.##.##@≈≈≈○☼####
♣..#†##.[.#S≈..§○°○○
♣♣)##.##..#≈..+####
♣♣.##.#####S..# ♣.....##S.....#
########S###### #SS......
#S....... #########


You could see 2 anacondas.

Vanquished Creatures
  2 hydras (D)
  Erica (D)
  A centaur warrior (D)
  Urug (D)
  A death drake (D)
  A lindwurm (D)
  3 deep elf zephyrmancers (D)
  3 deep elf pyromancers (D)
  2 cane toads (D)
  An unseen horror (D)
  A komodo dragon (D)
  3 wandering mushrooms (D)
  2 tyrant leeches (D)
  A shadow (D)
  3 redbacks (D)
  A spatial vortex (D)
  2 orc warriors (D)
  2 centaurs (D)
  An earth elemental (D)
  A necrophage (D)
  A scorpion (D)
  A water elemental (D)
  An electric eel (D)
  An orc priest (D)
  A jelly (D)
  A wizard (D)
  A necromancer (D)
  2 orc wizards (D)
  3 humans (D)
  A kobold demonologist (D)
  4 orcs (D)
  4 rats (D)
54 creatures vanquished.

Vanquished Creatures (collateral kills)
  3 orc knights (D)
  3 orc priests (D)
  2 orc wizards (D)
  An orc (D)
9 creatures vanquished.

Grand Total: 63 creatures vanquished

Notes
Turn   | Place    | Note
-------+----------+-------------------------------------------
     0 | D        | mhtbhm the Human Berserker began the quest for the Orb.
     0 | D        | Reached XP level 1. HP: 18/18 MP: 1/1
    28 | D        | Reached ** piety under Trog
    46 | D        | Noticed a scorpion
    55 | D        | Reached XP level 2. HP: 25/25 MP: 2/2
    55 | D        | Reached XP level 3. HP: 30/30 MP: 3/3
    57 | D        | Killed a scorpion
    58 | D        | Reached skill level 5 in Fighting
    58 | D        | Reached skill level 1 in Stealth
    58 | D        | Reached XP level 4. HP: 39/39 MP: 4/4
    78 | D        | Gained mutation: You are partially covered in iridescent
                  | scales. (AC +2) [potion of mutation]
    78 | D        | Gained mutation: You have a somewhat thin skeletal
                  | structure. (Dex +2, Stealth+) [potion of mutation]
    78 | D        | Gained mutation: You have a pair of small antennae on your
                  | head. [potion of mutation]
    78 | D        | Gained mutation: You are covered in fur. (AC +1) [potion of
                  | mutation]
   207 | D        | Noticed a water elemental
   215 | D        | Killed a water elemental
   216 | D        | Reached XP level 5. HP: 47/47 MP: 5/5
   297 | D        | Found a basalt altar of Yredelemnul.
   297 | D        | Found a shadowy altar of Dithmenos.
   297 | D        | Found a sacrificial altar of Ru.
   303 | D        | Reached *** piety under Trog
   304 | D        | Reached XP level 6. HP: 55/55 MP: 6/6
   371 | D        | Found a hide-covered altar of Uskayaw.
   371 | D        | Found an iron altar of Okawaru.
   371 | D        | Found a bloodstained altar of Trog.
   371 | D        | Found an ornate altar of the Wu Jian Council.
   371 | D        | Noticed a human
   371 | D        | Noticed a human
   372 | D        | Found a glowing silver altar of Zin.
   372 | D        | Found a glowing golden altar of the Shining One.
   372 | D        | Found a white marble altar of Elyvilon.
   372 | D        | Noticed a deep elf pyromancer
   385 | D        | Killed a human
   386 | D        | Reached XP level 7. HP: 56/63 MP: 7/7
   392 | D        | Killed a human
   392 | D        | Reached **** piety under Trog
   393 | D        | Reached skill level 5 in Dodging
   397 | D        | Killed a deep elf pyromancer
   398 | D        | Reached skill level 10 in Fighting
   398 | D        | Reached skill level 5 in Armour
   398 | D        | Reached XP level 8. HP: 46/74 MP: 8/8
   596 | D        | Found a radiant altar of Vehumet.
   596 | D        | Found a shimmering blue altar of Sif Muna.
   596 | D        | Found an ancient bone altar of Kikubaaqudgha.
   614 | D        | Reached ***** piety under Trog
   633 | D        | Noticed a shadow
   649 | D        | Killed a shadow
   830 | D        | Found a blossoming altar of Fedhas.
   830 | D        | Found a stormy altar of Qazlal.
   830 | D        | Found a snail-covered altar of Cheibriados.
   830 | D        | Found a burning altar of Makhleb.
   830 | D        | Found a shimmering altar of Xom.
   831 | D        | Found a hazy altar of Hepliaklqana.
   831 | D        | Found an opulent altar of Gozag.
   831 | D        | Found a sparkling altar of Nemelex Xobeh.
   831 | D        | Found a corrupted altar of Lugonu.
   831 | D        | Found a viscous altar of Jiyva.
   863 | D        | Noticed Erica
   887 | D        | Killed Erica
   888 | D        | Reached skill level 5 in Stealth
   888 | D        | Reached XP level 9. HP: 45/82 MP: 9/9
  1111 | D        | Found Etaoply's Antique Weapon Shoppe.
  1113 | D        | Noticed an orc knight
  1114 | D        | Noticed an orc knight
  1115 | D        | Received a gift from Trog
  1120 | D        | Noticed an orc knight
  1136 | D        | Killed an orc knight
  1136 | D        | Identified the +7 rapier of Bankruptcy {flame, *Noise
                  | Will++} (Trog gifted it to you in the Dungeon)
  1136 | D        | Received a gift from Trog
  1137 | D        | Reached skill level 1 in Throwing
  1137 | D        | Reached skill level 1 in Evocations
  1137 | D        | Killed an orc knight
  1138 | D        | Reached XP level 10. HP: 8/92 MP: 10/10
  1139 | D        | Killed an orc knight
  1142 | D        | Identified the +8 trident of Conservatism {vorpal, rElec
                  | Str+5} (Trog gifted it to you in the Dungeon)
  1142 | D        | Received a gift from Trog
  1345 | D        | Noticed a deep elf pyromancer
  1345 | D        | Noticed a deep elf zephyrmancer
  1345 | D        | Noticed a deep elf zephyrmancer
  1345 | D        | Noticed a deep elf zephyrmancer
  1345 | D        | Noticed a deep elf pyromancer
  1359 | D        | Killed a deep elf zephyrmancer
  1362 | D        | Killed a deep elf zephyrmancer
  1366 | D        | Killed a deep elf pyromancer
  1366 | D        | Reached ****** piety under Trog
  1368 | D        | Killed a deep elf pyromancer
  1368 | D        | Received a gift from Trog
  1372 | D        | Killed a deep elf zephyrmancer
  1373 | D        | Reached skill level 15 in Polearms
  1373 | D        | Reached XP level 11. HP: 101/101 MP: 11/11
  1448 | D        | Noticed a deep elf annihilator
  1499 | D        | Noticed a centaur warrior
  1506 | D        | Killed a centaur warrior
  1507 | D        | Reached skill level 15 in Fighting
  1507 | D        | Reached skill level 10 in Stealth
  1847 | D        | Received a gift from Trog
  2021 | D        | Received a gift from Trog
  2026 | D        | Noticed a lindwurm
  2032 | D        | Killed a lindwurm
  2240 | D        | Noticed Urug
  2250 | D        | Killed Urug
  2411 | D        | Noticed a five-headed hydra
  2411 | D        | Noticed a seven-headed hydra
  2420 | D        | Killed a five-headed hydra
  2425 | D        | Killed a seven-headed hydra
  2426 | D        | Reached XP level 12. HP: 101/113 MP: 12/12
  2576 | D        | Noticed a death drake
  2578 | D        | Killed a death drake
  2578 | D        | Received a gift from Trog
  2595 | D        | Noticed an anaconda
  2595 | D        | Noticed an anaconda
  2595 | D        | Noticed an anaconda
  2595 | D        | Noticed an anaconda
  2617 | D        | Slain by an anaconda

Illustrated notes

Levels and vault maps discovered:
D:        dungeon_sprint_mu [sprint_mu_entry_cave, sprint_mu_temple_rooms,
          sprint_mu_d1_horrors, sprint_mu_d2_genie, sprint_mu_d3_branching,
          sprint_mu_orc_legion, sprint_mu_elf_gauntlet, sprint_mu_hive_nellie,
          sprint_mu_lair_fedhas, sprint_mu_vaults_butterflies,
          sprint_mu_slime_circle, sprint_mu_swamp_cave, sprint_mu_snake_twists,
          sprint_mu_blade_basic, sprint_mu_crypt_fortress,
          sprint_mu_tomb_spiral, sprint_mu_vestibule_basic,
          sprint_mu_gehenna_hellfire, sprint_mu_dis_giant,
          sprint_mu_tartarus_statrot, sprint_mu_cocytus_islands, sprint_mu_zot1]

Skill      XL: |  1  2  3  4  5  6  7  8  9 10 11 |
---------------+----------------------------------+-----
Fighting       | 4 5 6 7 8 10 12 13 14 16 | 16.9
Polearms       | 4 6 7 9 11 12 13 15 16 | 16.3
Armour         | 3 4 5 6 7 8 9 |  9.5
Dodging        | 3 4 5 6 7 9 |  9.1
Stealth        | 1 2 3 5 7 9 12 | 12.8
Throwing       | 1 2 |  2.1
Evocations     | 1 2 3 |  3.8

Action                   |  1- 3 |  4- 6 |  7- 9 | 10-12 || total
-------------------------+-------+-------+-------+-------++-------
Melee: Spear             |    15 |    30 |    71 |       ||   116
       Punch             |       |       |     2 |     1 ||     3
       Trident           |       |       |       |   123 ||   123
Throw: Dart              |     1 |       |     1 |       ||     2
Invok: Berserk           |     1 |     3 |     2 |     4 ||    10
       Brothers in Arms  |       |       |     1 |       ||     1
       Trog's Hand       |       |       |       |     1 ||     1
Evoke: Lightning rod     |       |       |     4 |       ||     4
  Use: Potion            |       |     1 |     2 |     2 ||     5
 Stab: Sleeping          |     2 |       |     4 |    11 ||    17
Armor: Animal skin       |       |     3 |       |       ||     3
       Ring mail         |       |       |     2 |    22 ||    24
       Scale mail        |       |       |       |    11 ||    11
Dodge: Dodged            |     4 |     7 |    10 |    49 ||    70

Table legend: (Time is in decaauts)
 A = Elapsed time spent in this place.
 B = Non-inter-level travel time spent in this place.
 C = Inter-level travel time spent in this place.
 D = Time resting spent in this place.
 E = Time spent auto-exploring this place.
 F = Levels seen in this place.
 G = Mean time per level.
                   A        B        C        D        E       F      G
               +--------+--------+--------+--------+--------+-----+--------+
         Total |   2614 |   2614 |      0 |   1928 |     22 |   1 | 2614.0 |
       Dungeon |   2614 |   2614 |      0 |   1928 |     22 |   1 | 2614.0 |
               +--------+--------+--------+--------+--------+-----+--------+

Top non-repeatable levels by time:
       D: 2614 daAuts
